Map: King Sejong Station LE

Players

DaTBoiBuBBa

  • Race: Terran Terran
  • League: Master

Miszu - Winner!

  • Race: Terran Terran
  • League: Master

VOD

Have the link to the VOD?

Description

Time

  • Played on: June 27, 2016, 4:58 p.m.
  • Length: 4:02
Show
View Real Time Build Order
Export as new Build Order

DaTBoiBuBBa Terran 

Build Orders: Reaper Expand 

Get SALT Encoding   

  12  0:01  SCV  
  13  0:13  SCV  
  14  0:17  Supply Depot  
  14  0:25  SCV  
  15  0:39  SCV  
  15  0:41  Barracks  
  16  0:47  Refinery  
  16  0:51  SCV  
  17  1:03  SCV  
  18  1:15  SCV  
  18  1:16  Refinery  
  19  1:29  Orbital Command  
  19  1:33  Reaper  
  19  1:56  Command Center  
  19  2:00  SCV  
  20  2:08  Supply Depot  
  20  2:13  Reaper  
  20  2:15  SCV  
  22  2:27  SCV  
  23  2:34  Factory  
  23  2:39  SCV  
  24  2:45  Reaper  
  25  2:51  SCV  
  25  3:03  SCV  
  26  3:09  Orbital Command  
  26  3:11  Bunker  
  26  3:17  Reaper  
  23  3:30  SCV  
  24  3:36  Hellion  
Show
View Real Time Build Order
Export as new Build Order

Miszu Terran - Winner!

Build Orders:  

Get SALT Encoding   

  12  0:00  SCV  
  13  0:13  SCV  
  14  0:17  Supply Depot  
  14  0:25  SCV  
  15  0:38  SCV  
  15  0:41  Barracks  
  16  0:48  Refinery  
  16  0:50  SCV  
  17  1:01  Barracks  
  17  1:05  SCV  
  18  1:18  SCV  
  19  1:31  Reaper  
  19  1:32  Orbital Command  
  20  1:38  Supply Depot  
  20  1:52  Reaper  
  21  1:58  SCV  
  22  2:07  Reaper  
  23  2:10  SCV  
  23  2:13  Command Center  
  24  2:17  Refinery  
  24  2:28  Reaper  
  25  2:40  SCV  
  25  2:48  Reaper  
  26  2:52  Barracks, SCV  
  27  3:03  Supply Depot  
  27  3:04  SCV  
  28  3:13  Barracks Tech Lab  
  28  3:16  SCV  
  29  3:29  SCV  
  29  3:30  Factory  
  29  3:33  Barracks Reactor  
  29  3:34  Marine  
Tags
 
Add a new tag
Caveats
  • Supply blocks, unpowered buildings, or Contaminate may cause inaccurate times.
  • Supply counts are checked every 10 seconds.